 Dungeon Crawl Stone Soup version 0.27-a0-506-g2188dfaaa0 (webtiles) character file.

Game seed: 7496534151440641982

132 Gaff the Sneak (level 5, -5/31 HPs)
             Began as a Kobold Brigand on Mar 3, 2021.
             Slain by an orc
             ... wielding a +0 short sword
              (8 damage)
             ... on level 3 of the Dungeon.
             The game lasted 00:05:32 (3897 turns).

Gaff the Sneak (Kobold Brigand)                     Turns: 3897, Time: 00:05:33

Health: -5/31      AC:  5    Str:  8    XL:     5   Next: 38%
Magic:  5/5        EV: 15    Int: 13    God:
Gold:   93         SH:  0    Dex: 17    Spells: 4/4 levels left

rFire    . . .     SeeInvis .   a - +2 dagger
rCold    . . .     Faith    .   (shield restricted)
rNeg     . . .     Spirit   .   b - +0 robe
rPois    .         Reflect  .   i - +2 hat
rElec    .         Harm     .   c - +0 cloak
rCorr    .         Rampage  .   (no gloves)
Will     .....                  (no boots)
Stlth    +++.......             (no amulet)
HPRegen  0.10/turn              (no ring)
MPRegen  0.09/turn              (no ring)

@: confused
A: small, nightstalker 3
a: no special abilities


You were on level 3 of the Dungeon.
You visited 1 branch of the dungeon, and saw 3 of its levels.

You collected 93 gold pieces.

Inventory:

Hand Weapons
 a - a +2 dagger (weapon)
 g - a +0 short sword
Missiles
 d - 19 poisoned darts (quivered)
 e - 2 curare-tipped darts
Armour
 b - a +0 robe (worn)
 c - a +0 cloak (worn)
 f - a +0 leather armour
 i - a +2 hat (worn)
Scrolls
 h - 4 scrolls of identify
 j - a scroll of amnesia
Potions
 k - a potion of cancellation


   Skills:
 + Level 2.7 Fighting
 + Level 4.1 Short Blades
 - Level 2.2 Throwing
 + Level 2.0 Dodging
 + Level 7.4 Stealth


You had 4 spell levels left.
You didn't know any spells.
Your spell library was empty.

Dungeon Overview and Level Annotations

Branches:
Dungeon (3/15)

Altars:
Dithmenos
Zin


Innate Abilities, Weirdness & Mutations

You are small and have problems with some larger weapons.
You are completely attuned to the shadows.


Message History

You resist with some effort.
The orc wizard hits you but does no damage.
The orc hits you with a +0 short sword.
* * * LOW HITPOINT WARNING * * *
The orc wizard points at you and mumbles some strange words.
You resist with some effort.
You hit the orc wizard but do no damage.
The orc wizard is lightly wounded.
You closely miss the orc. The orc closely misses you.
The orc wizard hits you with a +0 dagger.
* * * LOW HITPOINT WARNING * * *
You hit the orc wizard but do no damage.
The orc wizard is lightly wounded.
The orc misses you.
The orc wizard hits you with a +0 dagger.
* * * LOW HITPOINT WARNING * * *
You hit the orc wizard.
The orc wizard is moderately wounded.
The orc wizard barely misses you. The orc misses you.
You hit the orc.
The orc is lightly wounded.
The orc wizard hits you but does no damage.
You barely miss the orc wizard.
The orc wizard is moderately wounded.
The orc completely misses you.
You hit the orc wizard but do no damage.
The orc wizard is moderately wounded.
The orc wizard hits you but does no damage.
The orc completely misses you. The orc wizard completely misses you.
The orc misses you.
The orc wizard hits you with a +0 dagger.
* * * LOW HITPOINT WARNING * * *
The orc hits you but does no damage.
You hit the orc wizard.
The orc wizard is heavily wounded.
The orc wizard barely misses you. The orc completely misses you.
You hit the orc.
The orc is lightly wounded.
The orc wizard barely misses you. The orc hits you with a +0 short sword!
You die...

#.#############........##
..# #.#..8o8..## .B#
#..8.....8.# ..
#..........# #...##'##..#
#..##._.##.# #...#####.)#
#..o......## ##@o..#####
######


You could see an orc wizard and an orc.

Vanquished Creatures
  A hound (D:2)
  5 adders
  A worm (D:2)
  2 leopard geckos
  An orc (D:3)
  5 bats
  3 giant cockroaches
  3 goblins (D:1)
  8 hobgoblins
  3 jackals (D:2)
  A quokka (D:2)
  3 frilled lizards
  9 kobolds
  6 rats
51 creatures vanquished.

Notes
Turn   | Place    | Note
-------+----------+-------------------------------------------
     0 | D:1      | Gaff the Kobold Brigand began the quest for the Orb.
     0 | D:1      | Reached XP level 1. HP: 12/12 MP: 1/1
   259 | D:1      | Reached XP level 2. HP: 17/17 MP: 2/2
   366 | D:1      | Reached skill level 6 in Stealth
   999 | D:1      | Reached XP level 3. HP: 21/21 MP: 3/3
  2029 | D:2      | Reached XP level 4. HP: 27/27 MP: 4/4
  2410 | D:2      | Reached skill level 7 in Stealth
  3136 | D:2      | Reached XP level 5. HP: 22/31 MP: 5/5
  3667 | D:3      | Found a shadowy altar of Dithmenos.
  3847 | D:3      | Found a glowing silver altar of Zin.
  3897 | D:3      | Slain by an orc

Illustrated notes

Levels and vault maps discovered:
D:1:      co_arrival_random_square_maze, layout_basic, grunt_decor_cap
D:2:      wander_river, layout_loops_corners
D:3:      layout_basic, zin_statuary, nicolae_dithmenos_shadow_blocks

Skill      XL: |  1  2  3  4  5 |
---------------+----------------+-----
Stealth        | 6 7 |  7.4
Short Blades   | 3 4 |  4.1
Dodging        | 2 |  2.0
Fighting       | |  2.7
Throwing       | |  2.2

Action                   |  1- 3 |  4- 6 || total
-------------------------+-------+-------++-------
Melee: Dagger            |    88 |   126 ||   214
  Use: Potion            |       |     2 ||     2
       Scroll            |       |     2 ||     2
 Stab: Sleeping          |    16 |    10 ||    26
Armor: Robe              |    18 |    19 ||    37
Dodge: Dodged            |    44 |    86 ||   130

Table legend: (Time is in decaauts)
 A = Elapsed time spent in this place.
 B = Non-inter-level travel time spent in this place.
 C = Inter-level travel time spent in this place.
 D = Time resting spent in this place.
 E = Time spent auto-exploring this place.
 F = Levels seen in this place.
 G = Mean time per level.
                   A        B        C        D        E       F      G
               +--------+--------+--------+--------+--------+-----+--------+
         Total |   3893 |   3772 |    121 |   1117 |   2104 |   3 | 1297.7 |
       Dungeon |   3893 |   3772 |    121 |   1117 |   2104 |   3 | 1297.7 |
               +--------+--------+--------+--------+--------+-----+--------+

Top non-repeatable levels by time:
     D:2: 1955 daAuts
     D:1: 1703 daAuts
     D:3: 234 daAuts
